 Dungeon Crawl Stone Soup version 0.30.0-5-g1a98f26d00 (webtiles) character file.

Game seed: 12682447228992764631

67328 croobank the Skirmisher (level 14, -27/95 (104) HPs)
             Began as a Demonspawn Venom Mage on May 8, 2023.
             Was a High Priest of Vehumet.
             Killed from afar by an orc sorcerer (38 damage)
             ... with a bolt of negative energy
             ... on level 2 of the Orcish Mines on May 9, 2023.
             The game lasted 03:19:41 (29043 turns).

croobank the Skirmisher (Demonspawn Venom Mage)    Turns: 29043, Time: 03:19:42

HP:   -27/95 (104)  AC: 10    Str:  9    XL:     14   Next: 82%
MP:   6/8           EV: 15    Int: 21    God:    Vehumet [*****.]
Gold: 942           SH:  0    Dex: 18    Spells: 1/28 levels left

rFire   . . .        c - +11 shortbow "Tiuq" {antimagic, Dex+4}
rCold   + . .        (shield currently unavailable)
rNeg    . . .        v - +2 troll leather armour
rPois   +            (no helmet)
rElec   .            q - +0 cloak
rCorr   .            P - +0 pair of gloves
SInv    .            (no boots)
Will    +....        r - amulet of regeneration
Stlth   ++++         m - ring of poison resistance
HPRegen 1.95/turn    T - ring of protection from cold
MPRegen 0.11/turn

%: no passive effects
@: on blink cooldown, drained
A: hooves 2, icy blue scales 1, demonic guardian 1, spiny 2
a: Renounce Religion


You were on level 2 of the Orcish Mines.
You worshipped Vehumet.
Vehumet was extremely pleased with you.
You visited 3 branches of the dungeon, and saw 18 of its levels.
You also visited: Ossuary and Bailey.

You collected 1570 gold pieces.
You spent 628 gold pieces at shops.

Inventory:

Hand Weapons
 a - a +8 dagger of venom
 b - the +10 longbow "Ceunetin" {elec, rPois rC+ rCorr}
   (You acquired it on level 3 of the Lair of Beasts)

   rC:        It protects you from cold.
   rPois:     It protects you from poison.
   rCorr:     It protects you from acid and corrosion.
 c - the +11 shortbow "Tiuq" (weapon) {antimagic, Dex+4}
   (You found it on level 5 of the Lair of Beasts)

   Dex:       It affects your dexterity (+4).
 s - the +12 spear "Gedon" {heavy, Will+++ Dex-2 Stlth+}
   (You took it off an orc warlord on level 11 of the Dungeon)

   Dex:       It affects your dexterity (-2).
   Will:      It greatly increases your willpower.
   Stlth:     It makes you more stealthy.
 x - a +2 demon trident of venom
 U - a +3 war axe of venom
Missiles
 h - a throwing net
 k - 2 curare-tipped darts
 M - 5 silver javelins
Armour
 g - a +2 robe of willpower
 q - a +0 cloak (worn)
 v - a +2 troll leather armour (worn)
 P - a +0 pair of gloves (worn)
 W - the +3 chain mail of Sif Muna's Supremacy {*Slow +Inv Int+3 Dex+4}
   (You found it in a bailey)

   Int:       It affects your intelligence (+3).
   Dex:       It affects your dexterity (+4).
   +Inv:      It lets you turn invisible.
   *Slow:     It may slow you when you take damage.
 X - a +0 buckler
Magical Staves
 y - the staff of death "Mikkasunakh" {rN+ rCorr Str-3 Int+4}
   (You found it on level 9 of the Dungeon)

   [staff of death]

   Base accuracy: +5 Base damage: 5 Base attack delay: 1.2 This weapon's minimum
   attack delay (0.6) is reached at skill level 12.
   Str:       It affects your strength (-3).
   Int:       It affects your intelligence (+4).
   rN:        It protects you from negative energy.
   rCorr:     It protects you from acid and corrosion.
   It falls into the 'Staves' category.
   It is a one-handed weapon.
 R - a staff of poison
 V - the staff of conjuration "Asucu" {rElec rCorr Str+5 Dex-5}
   (You acquired it in a bailey)

   [staff of conjuration]

   Base accuracy: +5 Base damage: 5 Base attack delay: 1.2 This weapon's minimum
   attack delay (0.6) is reached at skill level 12.
   Str:       It affects your strength (+5).
   Dex:       It affects your dexterity (-5).
   rElec:     It insulates you from electricity.
   rCorr:     It protects you from acid and corrosion.
   It falls into the 'Staves' category.
   It is a one-handed weapon.
Jewellery
 f - an amulet of reflection
 m - a ring of poison resistance (left hand)
 r - an amulet of regeneration (around neck)
 z - a ring of fire
 T - a ring of protection from cold (right hand)
Wands
 o - a wand of polymorph (5)
 A - a wand of roots (2)
 C - a wand of flame (34)
 O - a wand of mindburst (10)
 Q - a wand of paralysis (14)
 S - a wand of light (3)
Scrolls
 d - 2 scrolls of magic mapping
 i - a scroll of blinking
 j - 2 scrolls of fog
 u - 2 scrolls of amnesia
 w - a scroll of fear
 B - 2 scrolls of vulnerability
 D - 2 scrolls of immolation
 E - a scroll of butterflies
 H - 5 scrolls of teleportation
 K - 3 scrolls of silence
 Z - 5 scrolls of identify
Potions
 l - 5 potions of flight
 n - 6 potions of curing
 p - 5 potions of mutation
 t - 3 potions of attraction
 G - 2 potions of cancellation
 I - a potion of brilliance
 J - 3 potions of ambrosia
 L - 6 potions of lignification
 N - a potion of berserk rage
 Y - a potion of haste
Miscellaneous
 e - a tin of tremorstones (2/2)


   Skills:
 + Level 7.8 Fighting
 + Level 10.3 Ranged Weapons
 + Level 7.5 Dodging
 + Level 9.0 Stealth
 - Level 2.9 Shields
 + Level 7.6 Spellcasting
 - Level 4.2 Conjurations
 + Level 6.1 Hexes
 + Level 6.1 Summonings
 - Level 3.5 Translocations
 - Level 5.7 Transmutations
 - Level 10.0 Fire Magic
 - Level 2.1 Ice Magic
 - Level 5.3 Air Magic
 - Level 5.5 Poison Magic


You had one spell level left.
You knew the following spells:

 Your Spells              Type           Power      Damage    Failure   Level
a - Flame Wave            Conj/Fire      38%        2d10      1%          4
b - Poisonous Vapours     Pois/Air       60%        N/A       1%          2
c - Mephitic Cloud        Conj/Pois/Air  29%        N/A       1%          3
d - Blink                 Tloc           44%        N/A       4%          2
e - Olgreb's Toxic Radia  Pois           31%        N/A       3%          4
f - Ensorcelled Hibernat  Hex/Ice        50%        N/A       3%          2
g - Summon Guardian Gole  Hex/Summ       33%        N/A       2%          3
h - Searing Ray           Conj           50%        2d6       1%          2
i - Fireball              Conj/Fire      19%        3d9       4%          5

Your spell library contained the following spells:

 Spells                   Type           Power      Damage    Failure   Level
 Eringya's Noxious Bog    Tmut/Pois      15%        N/A       41%         6
 Magic Dart               Conj           100%       1d8       1%          1
 Sting                    Tmut/Pois      100%       1d8       1%          1
 Sandblast                Erth           16%        2d6       3%          1
 Call Imp                 Summ           66%        N/A       1%          2
 Static Discharge         Conj/Air       56%        2-5/arc   1%          2
 Ignite Poison            Fire/Tmut/Pois 37%        N/A       1%          3
 Sticky Flame             Conj/Fire      38%        2d6       1%          4
 Hailstorm                Conj/Ice       21%        3d6       2%          3
 Tukima's Dance           Hex            33%        N/A       2%          3
 Swiftness                Air            30%        N/A       3%          3
 Airstrike                Air            15%        2d(3-19)  3%          4
 Portal Projectile        Hex/Tloc       56%        N/A       4%          3
 Stone Arrow              Conj/Erth      32%        3d9       4%          3
 Fulminant Prism          Conj/Hex       14%        3d9       4%          4
 Passwall                 Tmut/Erth      16%        N/A       5%          2
 Summon Lightning Spire   Summ/Air       32%        N/A       11%         4
 Iskenderun's Battlesphe  Conj           25%        2d8       16%         5
 Manifold Assault         Tloc           22%        N/A       26%         4
 Blade Hands              Tmut           16%        N/A       30%         5
 Animate Armour           Summ/Erth      40%        N/A       32%         4
 Spellforged Servitor     Conj/Summ      14%        N/A       94%         7
 Ignition                 Fire           25%        3d8       95%         8
 Orb of Destruction       Conj           12%        9d7       98%         7
 Storm Form               Tmut/Air       15%        N/A       100%        7
 Lehudib's Crystal Spear  Conj/Erth      8%         10d3      100%        8
 Summon Horrible Things   Summ           16%        N/A       100%        8
 Chain Lightning          Conj/Air       14%        3d18      100%        9


Dungeon Overview and Level Annotations

Branches:
Dungeon (11/15)            Temple (0/1) D:4            Lair (5/5) D:10
  Swamp (0/4) Lair:3        Snake (0/4) Lair:2        Slime (0/5) Lair:5
    Orc (2/2) D:9         Ossuary (visited)          Bailey (visited)
    Elf: Orc:2

Altars:
Ashenzari
Cheibriados
Fedhas
Gozag
Kikubaaqudgha
Okawaru
Ru
Trog
Uskayaw
Vehumet
Wu Jian
Xom
Yredelemnul

Shops:
D:5 *   D:6 [   Orc:1 (*   Orc:2 *

Annotations:
D:11 !fire giant
Lair:2 1 runed translucent door, Weugil's ghost, journeyman HaBe
Lair:4 2 transporters, SnakkuSnakku7's ghost, journeyman VSFE


Innate Abilities, Weirdness & Mutations

You have hoof-like feet.
You are partially covered in icy blue scales. (AC +2)
A weak demonic guardian rushes to your aid.
You are mostly covered in sharp spines.


Message History

The orc sorcerer is struck by your spines.
The orc sorcerer barely misses you.
The orc knight is engulfed in blazing flames.
The orc knight roars a battlecry!
The orcs go into a battle-frenzy!
The orc high priest mumbles some strange prayers to Beogh against you.
You resist with significant effort.
An orc knight comes into view. It is wielding a +0 halberd.
The soul eater hits you!
You feel drained.
Fire: c) +11 shortbow "Tiuq" {antimagic, Dex+4}
Press: ? - help, Q - select action, (/) - cycle Shift-Dir - straight line, f/p - orc high priest
Aim: an orc high priest, wielding a +0 halberd and wearing a +0 leather armour (moderately wounded, strong, very poisoned, 72% to hit)
You shoot an arrow.
The arrow barely misses the orc high priest.
The orc knight is engulfed in blazing flames.
The orc knight dies!
Vehumet accepts your kill.
The orc sorcerer points at you and mumbles some strange words.
You resist with some effort.
The orc high priest hits you with a +0 halberd!!
A demonic guardian appears!
The soul eater is engulfed in blazing flames.
The soul eater draws from the surrounding life force!
The soul eater is healed.
Casting: Olgreb's Toxic Radiance (dangerous; 3% risk of failure)
Confirm with . or Enter, or press ? or * to list all spells.
You blink.
You are engulfed in blazing flames.
* * * LOW HITPOINT WARNING * * *
The orc knight roars a battlecry!
The orc warrior goes into a battle-frenzy!
The orc high priest hits your iron imp with a +0 halberd.
The soul eater is engulfed in blazing flames.
The soul eater draws from the surrounding life force!
* * * LOW HITPOINT WARNING * * *
The soul eater is healed.
The orc sorcerer points at you and mumbles some strange words.
The bolt of negative energy hits the soul eater.
The soul eater completely resists.
The bolt of negative energy hits you!!!
You feel drained.
You die...

........).....###################
..............# ######
.......)....).# ##)o).#
..............# ##oo##..)..
..............# #5o## ...
..............###3## #
..............##§.#
..............##§##
..............##@#
..............##.#
........).....##.#####..
........................
..............##.#####..
..............##.#
..............##.#
..............##.#
..............##..


You could see a soul eater (summoned, distracted, ally target), an orc high
priest (strong, very poisoned), an orc sorcerer (strong, poisoned), an orc
warrior (strong) and a friendly iron imp (summoned).

Vanquished Creatures
  An orc warlord (D:11)
  An ettin (Orc:2)
  3 hydras
  2 catoblepae
  A deep troll shaman (Lair:5)
  4 two-headed ogres
  A boulder beetle (Lair:5)
  4 death yaks (Lair:5)
  An orc high priest (Orc:2)
  Urug (D:11)
  A swamp dragon (Lair:3)
  2 skeletal warriors (D:8)
  An orange crystal statue (D:9)
  A lindwurm (Lair:5)
  3 orc knights
  3 orc sorcerers
  2 cyclopes (D:11)
  22 elephants
  5 black mambas
  A torpor snail (Lair:5)
  8 cane toads
  3 rime drakes
  2 unseen horrors
  4 kobold demonologists
  7 komodo dragons
  2 polar bears
  5 trolls
  17 blink frogs
  3 hornets
  Sigmund (D:2)
  A wraith (D:11)
  2 shadows
  2 wyverns
  2 vampires
  2 basilisks
  46 yaks
  A steam dragon (D:7)
  Menkaure (D:3)
  2 acid dragons
  2 wargs
  7 water moccasins
  3 nagas (Lair:2)
  20 orc warriors
  A floating eye (Lair:5)
  A black bear (Lair:5)
  3 sky beasts
  4 ogres
  12 wolves
  2 centaurs
  A phantom (D:3)
  5 kobold brigands
  12 bullfrogs
  2 gnoll sergeants (D:11)
  8 scorpions
  5 wights (D:7)
  A water moccasin skeleton (D:3)
  10 killer bees
  5 howler monkeys
  8 electric eels
  A jelly (D:6)
  2 centaur zombies (Ossuary)
  3 human zombies (Ossuary)
  Crazy Yiuf (D:3)
  A gnoll bouda (D:8)
  4 hounds
  15 orc priests
  29 orc wizards
  Terence (D:2)
  4 scorpion zombies (Ossuary)
  8 iguanas
  5 hell rats (Lair:4)
  3 mummies (Ossuary)
  11 gnolls
  4 adders
  A shadow imp (D:6)
  4 dart slugs
  62 orcs
  9 ball pythons
  6 bats
  8 endoplasms
  2 giant cockroaches
  2 gnoll zombies (Ossuary)
  15 goblins
  12 hobgoblins
  24 kobolds
  3 quokkas
  A frilled lizard (D:3)
  A goblin zombie (Ossuary)
  2 hobgoblin zombies (Ossuary)
  2 kobold zombies (Ossuary)
  8 rats
537 creatures vanquished.

Vanquished Creatures (collateral kills)
  Erolcha (Orc:2)
  A two-headed ogre (D:11)
  A polar bear (Lair:2)
  A wyvern (Lair:3)
  A yak (D:9)
  3 orc warriors
  An ogre (D:5)
  A centaur zombie (Ossuary)
  A sleepcap (D:5)
  2 orc wizards
  A gnoll (D:1)
  An adder (D:4)
  A worm (D:3)
  2 dart slugs
  2 orcs
  2 endoplasms (D:1)
  A giant cockroach (D:1)
  A goblin (D:2)
24 creatures vanquished.

Vanquished Creatures (others)
  A hydra (Lair:2)
  An ogre mage (D:11)
  A death yak (Lair:5)
  3 two-headed ogres
  A skeletal warrior (D:8)
  An orc knight (Orc:2)
  An elephant (Lair:5)
  An eye of devastation (Lair:5)
  A troll (D:11)
  3 yaks
  A vampire (D:11)
  A wraith (D:10)
  3 orc warriors
  A kobold (D:7)
20 creatures vanquished.

Grand Total: 581 creatures vanquished

Notes
Turn   | Place    | Note
-------+----------+-------------------------------------------
     0 | D:1      | croobank the Demonspawn Venom Mage began the quest for the
                  | Orb.
     0 | D:1      | Reached XP level 1. HP: 13/13 MP: 3/3
   145 | D:1      | Reached skill level 1 in Transmutations
   501 | D:1      | Gained mutation: A weak demonic guardian rushes to your
                  | aid. [demonic ancestry]
   501 | D:1      | Reached XP level 2. HP: 4/19 MP: 0/5
   804 | D:1      | Gained mutation: You are partially covered in icy blue
                  | scales. (AC +2) [demonic ancestry]
   804 | D:1      | Reached XP level 3. HP: 23/25 MP: 0/6
  1084 | D:1      | Learned a level 2 spell: Poisonous Vapours
  1088 | D:1      | Learned a level 3 spell: Mephitic Cloud
  1555 | D:2      | Reached skill level 1 in Fighting
  1617 | D:2      | Noticed Sigmund
  2134 | D:4      | Reached XP level 4. HP: 32/32 MP: 1/7
  2538 | D:4      | Reached XP level 5. HP: 18/37 MP: 2/8
  2742 | D:4      | Reached skill level 1 in Air Magic
  2755 | D:4      | Reached skill level 1 in Conjurations
  2889 | D:5      | Entered Level 5 of the Dungeon
  2918 | D:5      | Learned a level 2 spell: Blink
  3110 | D:3      | Found a transporter.
  3631 | D:2      | Noticed Terence
  3664 | D:2      | Killed Terence
  4288 | D:3      | Gained mutation: You are partially covered in sharp spines.
                  | [demonic ancestry]
  4288 | D:3      | Reached XP level 6. HP: 44/44 MP: 1/10
  4990 | D:3      | Found a runed translucent door.
  4991 | D:3      | Noticed Crazy Yiuf
  5046 | D:3      | Found a broken altar of Ashenzari.
  5049 | D:3      | Found a bloodstained altar of Trog.
  5052 | D:3      | Found a blossoming altar of Fedhas.
  5054 | D:3      | Found an opulent altar of Gozag.
  5055 | D:3      | Found a radiant altar of Vehumet.
  5056 | D:3      | Found a shimmering altar of Xom.
  5058 | D:3      | Found a snail-covered altar of Cheibriados.
  5059 | D:3      | Found a sacrificial altar of Ru.
  5060 | D:3      | Found a hide-covered altar of Uskayaw.
  5126 | D:3      | Found a basalt altar of Yredelemnul.
  5128 | D:3      | Noticed Menkaure
  5130 | D:3      | Found an ancient bone altar of Kikubaaqudgha.
  5195 | D:3      | Became a worshipper of Vehumet
  5266 | D:3      | Found a transporter.
  5404 | D:3      | Killed Crazy Yiuf
  6031 | D:4      | Found a staircase to the Ecumenical Temple.
  6888 | D:5      | Reached XP level 7. HP: 51/51 MP: 4/11
  7304 | D:5      | Found Jeziog's Neck Hole.
  7890 | D:6      | Found a sand-covered staircase.
  7899 | Ossuary  | Entered an ossuary
  8149 | Ossuary  | Gained mutation: You are mostly covered in sharp spines.
                  | [demonic ancestry]
  8149 | Ossuary  | Reached XP level 8. HP: 24/58 MP: 13/13
  9069 | D:6      | Noticed a hornet
  9077 | D:6      | Killed a hornet
  9086 | D:6      | Reached skill level 5 in Stealth
  9203 | D:6      | Found Kuytseeqye's Armour Shop.
  9329 | D:6      | Reached * piety under Vehumet
  9329 | D:6      | Offered knowledge of Sandblast by Vehumet.
  9852 | D:6      | Reached skill level 5 in Poison Magic
 10140 | D:7      | Reached XP level 9. HP: 65/65 MP: 8/15
 10145 | D:7      | Learned a level 4 spell: Olgreb's Toxic Radiance
 10148 | D:7      | Learned a level 2 spell: Ensorcelled Hibernation
 10977 | D:7      | Identified the +2 shortbow "Lull" {drain, Will++}
 11449 | D:7      | Reached XP level 10. HP: 70/70 MP: 11/16
 11486 | D:7      | Reached ** piety under Vehumet
 11486 | D:7      | Offered knowledge of Shock by Vehumet.
 11633 | D:7      | Identified a scroll of acquirement
 11633 | D:7      | Acquired a staff of poison
 11778 | D:8      | Noticed a skeletal warrior
 11862 | D:8      | Noticed a skeletal warrior
 11862 | D:8      | Noticed a skeletal warrior
 12479 | D:9      | Found a flagged portal.
 12514 | D:9      | Found a runed translucent door.
 12526 | Bailey   | Entered a bailey
 12612 | Bailey   | Learned a level 3 spell: Summon Guardian Golem
 12765 | Bailey   | Offered knowledge of Searing Ray by Vehumet.
 12768 | Bailey   | Reached skill level 1 in Hexes
 12768 | Bailey   | Reached skill level 1 in Summonings
 12946 | Bailey   | Reached XP level 11. HP: 78/78 MP: 10/18
 13106 | Bailey   | Noticed an orc knight
 13121 | Bailey   | Killed an orc knight
 13219 | Bailey   | Found an iron altar of Okawaru.
 13221 | Bailey   | Noticed an orc sorcerer
 13233 | Bailey   | Killed an orc sorcerer
 13237 | Bailey   | Noticed a sun demon
 13286 | Bailey   | Reached *** piety under Vehumet
 13393 | Bailey   | Acquired the staff of conjuration "Asucu" {rElec rCorr
                  | Str+5 Dex-5}
 13446 | Bailey   | Identified the +3 chain mail of Sif Muna's Supremacy {*Slow
                  | +Inv Int+3 Dex+4}
 13841 | D:9      | Found a runed translucent door.
 13850 | D:9      | Noticed an orange crystal statue
 13852 | D:9      | Noticed a two-headed ogre
 13857 | D:9      | Found a runed translucent door.
 13875 | D:9      | Found a runed translucent door.
 14021 | D:8      | Learned a level 2 spell: Searing Ray
 14058 | D:8      | Killed a two-headed ogre
 14360 | D:9      | Found an ornate altar of the Wu Jian Council.
 14464 | D:9      | Offered knowledge of Frozen Ramparts by Vehumet.
 14750 | D:9      | Identified the staff of death "Mikkasunakh" {rN+ rCorr
                  | Str-3 Int+4}
 14756 | D:9      | Acquired Qusmaenn's Quarto of Cooperative Kinetic Energy
 15031 | D:9      | Identified the +0 robe "Loplunox" {Str+5}
 15052 | D:9      | Reached skill level 1 in Ice Magic
 15273 | D:9      | Reached **** piety under Vehumet
 15425 | D:9      | Found a staircase to the Orcish Mines.
 15648 | D:10     | Entered Level 10 of the Dungeon
 15711 | D:10     | Reached skill level 5 in Fighting
 15712 | D:10     | Reached skill level 5 in Spellcasting
 16116 | D:10     | Offered knowledge of Volatile Blastmotes by Vehumet.
 16117 | D:10     | Reached skill level 5 in Dodging
 16279 | D:10     | Found a staircase to the Lair.
 17511 | D:10     | Reached skill level 1 in Translocations
 17701 | D:11     | Found an iron altar of Okawaru.
 17904 | D:11     | Gained mutation: You have large cloven feet. [demonic
                  | ancestry]
 17904 | D:11     | Reached XP level 12. HP: 87/87 MP: 17/20
 17922 | D:11     | Noticed a two-headed ogre
 17933 | D:11     | Killed a two-headed ogre
 18076 | D:11     | Noticed Urug
 18086 | D:11     | Killed Urug
 18184 | D:11     | Noticed a two-headed ogre
 18193 | D:11     | Killed a two-headed ogre
 18289 | D:11     | Reached skill level 5 in Transmutations
 18528 | D:11     | Noticed a two-headed ogre
 18546 | D:11     | Killed a two-headed ogre
 18625 | D:11     | Noticed an ogre mage
 18659 | D:11     | Noticed a two-headed ogre
 18681 | D:11     | Killed a two-headed ogre
 19124 | D:11     | Identified the +12 spear "Gedon" {heavy, Will+++ Dex-2
                  | Stlth+}
 19124 | D:11     | Noticed an orc warlord
 19151 | D:11     | Killed an orc warlord
 19152 | D:11     | Reached skill level 5 in Air Magic
 19304 | D:11     | Noticed a two-headed ogre
 19771 | D:11     | Noticed a fire giant
 19773 | D:11     | Noticed a two-headed ogre
 19778 | D:11     | Killed an ogre mage
 19783 | D:11     | Killed a two-headed ogre
 19819 | D:11     | Killed a two-headed ogre
 19892 | Lair:1   | Entered Level 1 of the Lair of Beasts
 20229 | Lair:1   | Reached ***** piety under Vehumet
 20229 | Lair:1   | Offered knowledge of Fireball by Vehumet.
 20241 | Lair:1   | Learned a level 5 spell: Fireball
 20649 | Lair:2   | Found a runed translucent door.
 20649 | Lair:2   | Noticed Weugil's ghost (journeyman HaBe)
 20684 | Lair:2   | Reached skill level 1 in Fire Magic
 21052 | Lair:2   | Noticed a six-headed hydra
 21062 | Lair:2   | Killed a six-headed hydra
 21063 | Lair:2   | Reached XP level 13. HP: 95/95 MP: 19/22
 21524 | Lair:2   | Found a staircase to the Snake Pit.
 21718 | Lair:3   | Reached skill level 5 in Fire Magic
 22305 | Lair:3   | Acquired the +10 longbow "Ceunetin" {elec, rPois rC+ rCorr}
 22432 | Lair:3   | Found a staircase to the Swamp.
 22944 | D:5      | Bought an amulet of regeneration for 390 gold pieces
 23405 | Lair:4   | Noticed SnakkuSnakku7's ghost (journeyman VSFE)
 23431 | Lair:4   | Found a transporter.
 23555 | Lair:4   | Offered knowledge of Flame Wave by Vehumet.
 23792 | Lair:4   | Found a transporter.
 23805 | Lair:4   | Found a bloodstained altar of Trog.
 24198 | Lair:4   | Reached skill level 10 in Fire Magic
 24263 | Lair:5   | Entered Level 5 of the Lair of Beasts
 24470 | Lair:5   | Gained mutation: You have hoof-like feet. [demonic
                  | ancestry]
 24470 | Lair:5   | Reached XP level 14. HP: 97/101 MP: 6/24
 24471 | Lair:5   | Reached skill level 1 in Shields
 24806 | Lair:5   | Reached skill level 5 in Hexes
 24833 | Lair:5   | Reached skill level 5 in Summonings
 24846 | Lair:5   | Found a staircase to the Slime Pits.
 25338 | Lair:5   | Reached skill level 10 in Ranged Weapons
 25490 | Lair:5   | Identified the +11 shortbow "Tiuq" {antimagic, Dex+4}
 27287 | D:2      | Killed Sigmund
 27385 | D:3      | Killed Menkaure
 27654 | D:9      | Learned a level 4 spell: Flame Wave
 27820 | Orc:1    | Entered Level 1 of the Orcish Mines
 27822 | Orc:1    | Offered knowledge of Eringya's Noxious Bog by Vehumet.
 27976 | Orc:1    | Found Xeorghoad's General Store.
 28049 | Orc:1    | Found Juecaff's Antique Weapon Shop.
 28051 | Orc:1    | Bought a wand of light (2) for 126 gold pieces
 28051 | Orc:1    | Bought a scroll of magic mapping for 112 gold pieces
 28401 | Orc:2    | Entered Level 2 of the Orcish Mines
 28490 | Orc:2    | Found Osmey's Assorted Antiques.
 28682 | Orc:2    | Noticed Erolcha
 28695 | Orc:2    | Killed Erolcha
 29043 | Orc:2    | Killed from afar by an orc sorcerer

Illustrated notes

Levels and vault maps discovered:
D:1:      scummos_arrival_gate, layout_loops_cross, serial_glass,
          glass_columns_b, glass_columns_a, grunt_decor_fettered
D:2:      layout_basic, serial_park_tiny_1, uniq_sigmund, uniq_terence
D:3:      minmay_recursive_quarters, layout_basic, gammafunk_temple_of_torment,
          minitemple, minmay_misc_feat_five, uniq_crazy_yiuf_cottage
D:4:      layout_basic, minmay_temple_entry_fiery, minmay_misc_feat_doors
D:5:      layout_basic, nicolae_shop_sticking_my_neck_out
D:6:      layout_loops_corners, serial_shops, nicolae_square_shop,
          enter_ossuary_1, hangedman_decor_opposing
D:7:      layout_cave_pools, serial_bayou_lake_a
D:8:      layout_layer_cave, minmay_crossroads
D:9:      layout_roguey, kennysheep_mini, hiddenorc1_lemuel, enter_bailey_5,
          minmay_statue_crystal_thing
D:10:     layout_basic, erik_lair_island, st_stairs_13, lemuel_flamethrower_hall
D:11:     nzn_winding_woodlands_stair_trap
          [nzn_winding_woodlands_5x15_concentric,
          nzn_winding_woodlands_5x15_twine,
          nzn_winding_woodlands_5x15_sidewinder,
          nzn_winding_woodlands_15x15_boxy_spiral,
          nzn_winding_woodlands_5x15_pool, nzn_winding_woodlands_5x15_zeroes,
          nzn_winding_woodlands_5x15_split_checker], layout_basic,
          okawaru_gym_becter, uniq_urug
Lair:1:   layout_roguey, grunt_megastairs_1
Lair:2:   layout_regular_city, nicolae_snake_entry_squirm,
          gammafunk_ghost_grave, beast_lair_carwin_4
Lair:3:   layout_chaotic_city, minmay_swamp_entry_reptiles, serial_bayou_pond_d,
          grunt_megastairs_5
Lair:4:   layout_cave_pods, gammafunk_ghost_wrathful_warriors
Lair:5:   grunt_lair_end_beastmaster, layout_regular_city,
          minmay_slime_entry_eyes, dreamdust_deal_with_the_devil,
          lemuel_fruit_fields, serial_bayou_shore_b, lemuel_fruit_tree
Orc:1:    layout_caves, basic_altar, serial_shops, shop,
          nicolae_shop_pleasant_corner_grove
Orc:2:    st_orc_elflike, layout_caves, serial_shops,
          nicolae_shop_tiny_statue_garden, uniq_erolcha

Skill      XL: |  1  2  3  4  5  6  7  8  9 10 11 12 13 14 |
---------------+-------------------------------------------+-----
Transmutations | 1 2 3 4 5 |  5.7
Stealth        | 2 3 4 5 6 7 8 9 |  9.0
Dodging        | 2 3 4 5 6 7 |  7.5
Fighting       | 1 2 3 4 5 6 7 |  7.8
Air Magic      | 1 2 3 4 5 |  5.3
Conjurations   | 1 2 3 4 |  4.2
Spellcasting   | 3 4 5 6 7 |  7.6
Poison Magic   | 4 5 |  5.5
Ranged Weapons | 9 10 | 10.3
Hexes          | 1 4 6 |  6.1
Summonings     | 1 4 6 |  6.1
Ice Magic      | 2 |  2.1
Translocations | 1 3 |  3.5
Fire Magic     | 3 10 | 10.0
Shields        | 2 |  2.9

Action                     |  1- 3 |  4- 6 |  7- 9 | 10-12 | 13-15 || total
---------------------------+-------+-------+-------+-------+-------++-------
  Melee: Unarmed           |     5 |       |    17 |       |       ||    22
         Club              |     3 |       |       |       |       ||     3
         Mace              |    10 |       |       |       |       ||    10
         Dagger            |    12 |   147 |   225 |   282 |   168 ||   834
         Punch             |       |       |    11 |     4 |     2 ||    17
         Staff             |       |       |       |     9 |       ||     9
         Kick              |       |       |       |       |    37 ||    37
         Spear             |       |       |       |       |     3 ||     3
   Fire: Shortbow          |       |       |       |    74 |    23 ||    97
         Longbow           |       |       |       |       |   324 ||   324
   Cast: Sting             |    49 |    10 |       |     2 |       ||    61
         Poisonous Vapours |    12 |    81 |    60 |   136 |     8 ||   297
         Mephitic Cloud    |       |     5 |     9 |     6 |     1 ||    21
         Olgreb's Toxic Ra |       |       |       |    39 |    80 ||   119
         Ensorcelled Hiber |       |       |       |     9 |     2 ||    11
         Summon Guardian G |       |       |       |    26 |    22 ||    48
         Searing Ray       |       |       |       |     7 |     2 ||     9
         Fireball          |       |       |       |       |    20 ||    20
         Blink             |       |       |       |       |     4 ||     4
  Evoke: Wand              |       |       |       |    22 |     1 ||    23
    Use: Potion            |     1 |     3 |     6 |    10 |     2 ||    22
         Scroll            |     6 |    10 |    10 |    20 |     7 ||    53
   Stab: Sleeping          |     4 |     5 |     3 |    11 |     2 ||    25
         Confused          |       |       |     6 |     1 |     1 ||     8
         Paralysed         |       |       |       |     5 |       ||     5
         Distracted        |       |       |       |     1 |     2 ||     3
         Invisible         |       |       |       |     3 |     1 ||     4
         Petrified         |       |       |       |       |     3 ||     3
 Armour: Robe              |    15 |    23 |    55 |    13 |       ||   106
         Skin              |       |    36 |       |       |       ||    36
         Troll leather arm |       |       |       |    59 |   125 ||   184
  Dodge: Dodged            |    45 |    45 |   149 |   248 |   211 ||   698
